 Dungeon Crawl Stone Soup version 0.29.1-1-gd02db6906a (webtiles) character file.

Game seed: 8545976599071116302

5953 vvl the Fighter (level 10, -9/107 HPs)
             Began as an Ogre Fighter on Sept 27, 2022.
             Mangled by a boulder beetle (58 damage)
             ... on level 9 of the Dungeon.
             The game lasted 00:17:53 (10855 turns).

vvl the Fighter (Ogre Fighter)                     Turns: 10855, Time: 00:17:54

Health: -9/107     AC:  4    Str: 24    XL:     10   Next: 84%
Magic:  20/20      EV: 12    Int: 13    God:
Gold:   501        SH:  7    Dex:  3    Spells: 22/22 levels left

rFire   + . .      SeeInvis .   x - +10 mace "Lorem Ipsum" {flame, rPois rN+++ Will++ Dex-5}
rCold   + . .      Faith    .   c - +0 kite shield
rNeg    + + +      Spirit   .   b - +0 robe
rPois   +          Reflect  .   (helmet restricted)
rElec   .          Harm     +   q - +0 cloak
rCorr   .          Rampage  +   (gloves unavailable)
Will    ++++.                   (boots unavailable)
Stlth   ++........              y - amulet of Juubb {Acrobat Harm Rampage rF+ Stlth+}
HPRegen 0.27/turn               D - ring of Incredulity {Fly rC+ Will+ Int+2}
MPRegen 0.17/turn               j - +4 ring of evasion

@: mighty, flying
A: large, unfitting armour, tough skin 1
a: no special abilities


You were on level 9 of the Dungeon.
You visited 2 branches of the dungeon, and saw 11 of its levels.
You also visited: Sewer.

You collected 501 gold pieces.

Inventory:

Hand Weapons
 i - a +2 dagger of venom
 m - a +4 dagger of electrocution
 x - the +10 mace "Lorem Ipsum" (weapon) {flame, rPois rN+++ Will++ Dex-5}
   (You found it on level 4 of the Dungeon)

   It burns those it strikes, dealing additional fire damage.
   Dex:       It affects your dexterity (-5).
   rPois:     It protects you from poison.
   rN:        It renders you almost immune to negative energy.
   Will:      It greatly increases your willpower.
Armour
 b - a +0 robe (worn)
 c - a +0 kite shield (worn)
 q - a +0 cloak (worn)
Magical Staves
 z - a staff of earth
Jewellery
 e - a +6 ring of intelligence
 j - a +4 ring of evasion (right hand)
 w - a ring of see invisible
 y - the amulet of Juubb (around neck) {Acrobat Harm Rampage rF+ Stlth+}
   (You took it off an orc on level 4 of the Dungeon)

   [amulet of the acrobat]

   It increases your evasion while moving and waiting.
   rF:        It protects you from fire.
   Harm:      It increases damage dealt and taken.
   Rampage:   It bestows one free step when moving towards enemies.
   Stlth:     It makes you more stealthy.
 D - the ring of Incredulity (left hand) {Fly rC+ Will+ Int+2}
   (You found it on level 6 of the Dungeon)

   [ring of flight]

   Int:       It affects your intelligence (+2).
   rC:        It protects you from cold.
   Fly:       It grants you flight.
   Will:      It increases your willpower.
 K - an amulet of magic regeneration
Wands
 E - a wand of flame (15)
 H - a wand of digging (6)
Scrolls
 f - 2 scrolls of immolation
 t - 3 scrolls of teleportation
 v - 2 scrolls of fear
 C - a scroll of blinking
 F - a scroll of amnesia
 G - 2 scrolls of torment
 I - a scroll of summoning
 L - a scroll of magic mapping
 M - a scroll of poison
Potions
 a - a potion of brilliance {unknown}
 g - 6 potions of heal wounds
 h - a potion of invisibility {unknown}
 k - 3 potions of ambrosia
 l - 2 potions of lignification {unknown}
 n - a potion of haste {unknown}
 o - 2 potions of curing {unknown}
 p - 2 potions of mutation {unknown}
 r - a potion of resistance {unknown}
 s - 2 potions of degeneration {unknown}
 u - 2 potions of magic {unknown}
 A - 2 potions of flight {unknown}
 J - a potion of cancellation {unknown}


   Skills:
 + Level 9.5 Fighting
 - Level 2.9(4.9) Axes
 + Level 5.5(5.8) Maces & Flails
 + Level 5.3 Armour
 + Level 6.5 Dodging
 + Level 7.1 Shields
 + Level 6.9 Spellcasting


You had 22 spell levels left.
You didn't know any spells.
Your spell library contained the following spells:

 Spells                   Type           Power      Damage    Failure   Level
 Freeze                   Ice            16%        1d4       32%         1
 Ensorcelled Hibernation  Hex/Ice        8%         N/A       43%         2
 Frozen Ramparts          Ice            8%         1d2       67%         3
 Portal Projectile        Hex/Tloc       8%         N/A       67%         3
 Summon Guardian Golem    Hex/Summ       4%         N/A       67%         3
 Tukima's Dance           Hex            4%         N/A       67%         3
 Hailstorm                Conj/Ice       4%         3d4       97%         4
 Ice Form                 Ice/Tmut       4%         N/A       97%         4
 Leda's Liquefaction      Hex/Erth       2%         N/A       97%         4
 Summon Ice Beast         Ice/Summ       4%         N/A       97%         4
 Blade Hands              Tmut           2%         N/A       100%        5
 Orb of Destruction       Conj           2%         9d5       100%        7
 Spellforged Servitor     Conj/Summ      2%         N/A       100%        7


Dungeon Overview and Level Annotations

Branches:
Dungeon (10/15)            Temple (1/1) D:4            Lair (0/5) D:8
  Sewer (visited)
    Orc: D:9-12

Altars:
Ashenzari
Cheibriados
Elyvilon
Fedhas
Gozag
Kikubaaqudgha
Makhleb
Nemelex Xobeh
Okawaru
Ru
Sif Muna
Trog
Uskayaw
Vehumet
Wu Jian
Yredelemnul
Zin
The Shining One

Shops:
D:9 =


Innate Abilities, Weirdness & Mutations

You are too large for most types of armour.
You have tough skin. (AC +1)


Message History

You feel very mighty all of a sudden.
The boulder beetle curls into a ball and begins rolling!
You sock the boulder beetle! You burn the boulder beetle.
The boulder beetle is moderately wounded.
The boulder beetle closely misses you.
The boulder beetle stops rolling and uncurls.
The boulder beetle closely misses you.
You hit the boulder beetle. You burn the boulder beetle.
The boulder beetle is moderately wounded.
The boulder beetle bites you!!
You hit the boulder beetle. You burn the boulder beetle.
The boulder beetle is moderately wounded.
The boulder beetle bites you but does no damage.
You hit the boulder beetle but do no damage.
The boulder beetle is moderately wounded.
The boulder beetle bites you!
You thump the boulder beetle! You burn the boulder beetle.
The boulder beetle is heavily wounded.
The boulder beetle bites you!! You block the boulder beetle's attack.
You hear a howl!
You sock the boulder beetle! You burn the boulder beetle.
The boulder beetle is severely wounded.
You hear a howl!
You hear a shout!
The boulder beetle leaps!
A howler monkey comes into view.
You hear an angry buzzing noise.
The boulder beetle curls into a ball and begins rolling!
The howler monkey hoots and howls with incredible vigour!
You hear a howl!
You hear an angry buzzing noise.
You hear an angry hiss.
You hear a shout! x2
You rampage towards the howler monkey!
You block the howler monkey's attack.
You sock the howler monkey! You burn the howler monkey.
The howler monkey is severely wounded.
The howler monkey hits you but does no damage.
You block the howler monkey's attack.
You thump the howler monkey! You burn the howler monkey.
You kill the howler monkey!
The boulder beetle hits you!!!
Ouch! That really hurt!
You die...

## #° .# ..###
........ ...
<####... °.. .#
#°# .# .. #°# .##
... #○# ..###..#
#B# #o....# ##@#
...#### ###.†#
..## ##...###...
..# #...........
#.#
#######.)######...
#.####........#
.......#####.##
##.#### #.# #####
.#..## ###.# #...#


You could see a boulder beetle (rolling).

Vanquished Creatures
  Pikel (D:5)
  A komodo dragon (D:8)
  A troll (D:9)
  A hornet (D:8)
  A shadow (D:9)
  A wraith (D:9)
  Sigmund (D:4)
  Menkaure (D:4)
  A steam dragon (D:7)
  Duvessa (D:7)
  4 water moccasins
  3 sky beasts
  A black bear (D:6)
  2 orc warriors
  An ice beast (D:7)
  2 ogres
  3 centaurs
  4 phantoms
  2 lemures
  A kobold brigand (D:8)
  Blork the orc (D:4)
  5 bullfrogs
  4 necrophages
  A gnoll sergeant (D:7)
  3 scorpions
  Dowan (D:7)
  8 killer bees (D:9)
  4 howler monkeys (D:9)
  2 orc priests
  Crazy Yiuf (D:4)
  A gnoll bouda (D:8)
  4 hounds
  3 iguanas
  Ijyb (D:5)
  Natasha (D:4)
  8 orc wizards
  6 adders
  6 gnolls
  A shadow imp (D:7)
  2 white imps
  6 worms
  A dart slug (D:5)
  22 orcs
  6 bats
  7 endoplasms
  12 giant cockroaches
  10 goblins
  5 hobgoblins
  5 quokkas
  7 ball pythons
  5 frilled lizards
  13 kobolds
  3 rats
198 creatures vanquished.

Vanquished Creatures (others)
  4 plants (D:8)
4 creatures vanquished.

Grand Total: 202 creatures vanquished

Notes
Turn   | Place    | Note
-------+----------+-------------------------------------------
     0 | D:1      | vvl the Ogre Fighter began the quest for the Orb.
     0 | D:1      | Reached XP level 1. HP: 24/24 MP: 1/1
    78 | D:1      | Found a faded altar of an unknown god.
   323 | D:1      | Reached XP level 2. HP: 28/32 MP: 2/2
  1528 | D:2      | Reached skill level 1 in Spellcasting
  1646 | D:2      | Reached XP level 3. HP: 39/39 MP: 4/4
  2438 | D:3      | Noticed a scorpion
  2443 | D:3      | Killed a scorpion
  2444 | D:3      | Reached skill level 1 in Armour
  2444 | D:3      | Reached XP level 4. HP: 42/49 MP: 4/6
  2868 | D:3      | Reached XP level 5. HP: 55/55 MP: 7/7
  3182 | D:4      | Identified the +10 mace "Lorem Ipsum" {flame, rPois rN+++
                  | Will++ Dex-5}
  3211 | D:4      | Noticed Sigmund
  3212 | D:4      | Found a staircase to the Ecumenical Temple.
  3216 | D:4      | Killed Sigmund
  3217 | D:4      | Reached skill level 5 in Fighting
  3217 | D:4      | Reached skill level 1 in Maces & Flails
  3217 | D:4      | Reached XP level 6. HP: 59/66 MP: 7/9
  3297 | D:4      | Noticed Menkaure
  3303 | D:4      | Killed Menkaure
  3715 | D:4      | Noticed Blork the orc
  3720 | D:4      | Killed Blork the orc
  3721 | D:4      | Reached XP level 7. HP: 66/72 MP: 11/11
  3789 | D:4      | Found a broken altar of Ashenzari.
  3956 | D:4      | Found a runed translucent door.
  3957 | D:4      | Noticed Crazy Yiuf
  3957 | D:4      | Noticed Natasha
  4014 | D:4      | Identified the amulet of Juubb {Acrobat Harm Rampage rF+
                  | Stlth+}
  4187 | D:4      | Killed Crazy Yiuf
  4188 | D:4      | Killed Natasha
  4264 | Temple   | Entered the Ecumenical Temple
  4327 | D:5      | Entered Level 5 of the Dungeon
  4497 | D:5      | Found a sacrificial altar of Ru.
  4501 | D:5      | Reached skill level 6 in Fighting
  4513 | D:5      | Noticed Pikel
  4534 | D:5      | Reached XP level 8. HP: 36/83 MP: 13/13
  4949 | D:5      | Killed Pikel
  4950 | D:5      | Reached skill level 5 in Shields
  5434 | D:5      | Found a shimmering blue altar of Sif Muna.
  5440 | D:5      | Found a sparkling altar of Nemelex Xobeh.
  5705 | D:5      | Noticed Ijyb
  5709 | D:5      | Killed Ijyb
  5717 | D:5      | Reached skill level 7 in Fighting
  5790 | D:5      | Reached XP level 9. HP: 93/93 MP: 14/16
  5835 | D:6      | Reached skill level 5 in Dodging
  6207 | D:6      | Found a glowing drain.
  6222 | D:6      | Reached skill level 5 in Spellcasting
  6229 | Sewer    | Entered a sewer
  6406 | Sewer    | Got the Commentary on Hexes
  6666 | D:6      | Identified the ring of Incredulity {Fly rC+ Will+ Int+2}
  7138 | D:6      | Found an iron altar of Okawaru.
  7279 | D:7      | Found a glowing golden altar of the Shining One.
  7289 | D:7      | Found a bloodstained altar of Trog.
  7491 | D:7      | Reached skill level 8 in Fighting
  7639 | D:7      | Reached XP level 10. HP: 95/104 MP: 18/18
  8167 | D:7      | Noticed Dowan
  8170 | D:7      | Noticed Duvessa
  8175 | D:7      | Killed Duvessa
  8179 | D:7      | Killed Dowan
  8886 | D:8      | Reached skill level 5 in Maces & Flails
  9191 | D:8      | Found a staircase to the Lair.
  9320 | D:8      | Reached skill level 9 in Fighting
  9320 | D:8      | Reached skill level 5 in Armour
 10033 | D:9      | Found Nimoitz's Jewellery Emporium.
 10040 | D:9      | Found a burning altar of Makhleb.
 10269 | D:9      | Found an ornate altar of the Wu Jian Council.
 10500 | D:10     | Entered Level 10 of the Dungeon
 10840 | D:9      | Noticed a boulder beetle
 10855 | D:9      | Mangled by a boulder beetle

Illustrated notes

Levels and vault maps discovered:
D:1:      eino_arrival_cavern_b, layout_loops_cross, basic_ecumenical_altar
D:2:      layout_basic
D:3:      layout_loops_ring, minmay_strange_pillars
D:4:      layout_gridville, lemuel_doored_altar, minmay_temple_entry_tees,
          uniq_crazy_yiuf_cottage, uniq_sigmund, uniq_natasha,
          uniq_blork_the_orc, uniq_menkaure
D:5:      layout_loops_cross, mainiacjoe_overflow_six_doors_small, minitemple,
          uniq_ijyb, uniq_pikel
D:6:      layout_basic, kennysheep_okawaru_gauntlet,
          cheibrodos_sewer_entry_sluice, minmay_diced_spiral
D:7:      layout_cave_pods, nicolae_overflow_hidden_temple,
          chequers_serial_rivers_micro_c, minmay_bent, uniq_duvessa
D:8:      layout_basic, david_lair_shrubbed
D:9:      layout_rooms, mainiacjoe_overflow_alcove_1, lemuel_round_altar,
          serial_shops, shop_fountains
D:10:     layout_basic, regret_index_temple_of_mockery,
          nicolae_qazlal_style_of_elements, mainiacjoe_overflow_brackets,
          small_chamber_with_monster, uniq_nergalle, uniq_amaemon
Temple:   hellmonk_temple_rainy

Skill      XL: |  1  2  3  4  5  6  7  8  9 10 |
---------------+-------------------------------+-----
Spellcasting   | 1 2 3 4 5 6 |  6.9
Armour         | 1 2 3 4 5 |  5.3
Dodging        | 3 4 5 6 |  6.5
Fighting       | 5 6 7 8 9 |  9.5
Maces & Flails | 1 2 3 4 5 |  5.5
Shields        | 4 5 6 7 |  7.1
Axes           | |  2.9

Action                   |  1- 3 |  4- 6 |  7- 9 | 10-12 || total
-------------------------+-------+-------+-------+-------++-------
Melee: War axe           |    32 |       |       |       ||    32
       Dagger            |    70 |    36 |       |       ||   106
       Mace              |       |    23 |   208 |   135 ||   366
Evoke: Wand              |       |       |       |     6 ||     6
  Use: Scroll            |       |       |       |    11 ||    11
       Potion            |       |       |       |     1 ||     1
 Stab: Sleeping          |       |       |     2 |     3 ||     5
Armor: Robe              |    33 |     9 |    37 |    25 ||   104
Dodge: Dodged            |    44 |    22 |   115 |   112 ||   293
Block: Kite shield       |    33 |    12 |    83 |    53 ||   181
